 Dungeon Crawl Stone Soup version 0.19.5 (webtiles) character file.

175 Haldmier the Slasher (level 5, -4/34 HPs)
             Began as a High Elf Skald on Apr 7, 2017.
             Killed by divine providence
             ... invoked by an orc priest
              (12 damage)
             ... on level 3 of the Dungeon.
             The game lasted 00:08:39 (3746 turns).

Haldmier the Slasher (High Elf Skald)               Turns: 3746, Time: 00:08:39

Health: -4/34      AC:  3    Str: 12    XL:     5   Next: 29%
Magic:  3/9        EV: 11    Int: 15    God:
Gold:   154        SH:  0    Dex: 15    Spells: 4 memorised, 1 level left

rFire  . . .     SeeInvis .     a - +0 falchion
rCold  . . .     Gourm    .     b - +0 leather armour
rNeg   . . .     Faith    .     (no shield)
rPois  .         Spirit   .     (no helmet)
rElec  .         Reflect  .     (no cloak)
rCorr  .         Harm     .     (no gloves)
MR     .....                    (no boots)
Stlth  +.........               (no amulet)
                                (no ring)
                                (no ring)

@: infused
A: no striking features
a: no special abilities


You were on level 3 of the Dungeon.
You were not hungry.

You visited 1 branch of the dungeon, and saw 3 of its levels.

You collected 154 gold pieces.

Inventory:

Hand Weapons
 a - a +0 falchion (weapon)
 w - a +0 short sword of venom
 x - a +2 hand axe of freezing
Missiles
 f - 64 sling bullets
 i - 135 stones (quivered)
Armour
 b - a +0 leather armour (worn)
 G - a +0 ring mail
Magical Staves
 B - an uncursed staff of air {unknown}
Jewellery
 j - a +4 ring of evasion {unknown}
 o - an uncursed amulet of magic regeneration {unknown}
 C - an uncursed ring of protection from cold {unknown}
 E - a +3 ring of strength {unknown}
Wands
 s - a wand of random effects (21/48)
Scrolls
 g - 2 scrolls of identify {unknown}
 n - 3 scrolls of recharging {unknown}
 q - 2 scrolls of blinking {unknown}
 t - a scroll of fog {unknown}
 y - 5 scrolls of teleportation {unknown}
 z - a scroll of magic mapping {unknown}
 F - a scroll of enchant weapon {unknown}
Potions
 e - a potion of beneficial mutation {unknown}
 h - 2 potions of degeneration {unknown}
 l - a potion of haste {unknown}
 m - a potion of flight {unknown}
 p - 2 potions of berserk rage {unknown}
 u - 3 potions of brilliance {unknown}
 A - a potion of heal wounds {unknown}
 H - a potion of might {unknown}
 I - a potion of mutation {unknown}
 J - a potion of magic {unknown}
Books
 c - a book of Battle

   Spells                             Type                      Level
   a - Infusion                       Charms                       1
   b - Shroud of Golubria             Charms/Translocation         2
   c - Song of Slaying                Charms                       2
   d - Spectral Weapon                Hexes/Charms                 3
   e - Regeneration                   Charms/Necromancy            3
 D - a book of the Dragon

   Spells                             Type                      Level
   a - Flame Tongue                   Conjuration/Fire             1
   b - Cause Fear                     Hexes                        4
   c - Bolt of Fire                   Conjuration/Fire             6
   d - Dragon Form                    Transmutation                7
   e - Dragon's Call                  Summoning                    9
Comestibles
 d - a bread ration
 k - a beef jerky
 r - 6 chunks of flesh
 v - a meat ration


   Skills:
 - Level 2.0 Fighting
 + Level 4.4 Long Blades
 - Level 0.8 Armour
 - Level 1.1 Dodging
 - Level 2.4 Spellcasting
 + Level 0.9 Conjurations
 * Level 2.6 Hexes
 - Level 3.6 Charms
 + Level 2.5 Translocations
 + Level 0.2 Fire Magic


You had one spell level left.
You knew the following spells:

 Your Spells              Type           Power        Failure   Level  Hunger
a - Infusion              Chrm           ##..         8%          1    #......
b - Shroud of Golubria    Chrm/Tloc      ##........   14%         2    ###....
c - Spectral Weapon       Hex/Chrm       ##......     24%         3    ###....
d - Flame Tongue          Conj/Fire      #....        24%         1    #......


Dungeon Overview and Level Annotations

Branches:
Dungeon (3/15)

Altars:
Gozag
Makhleb


Message History

You take 5 damage, and have 19/34 hp.
You now have 3/9 mp.
You hit the orc priest.
The orc priest is moderately wounded.
The orc priest hits you with a flail.
You take 4 damage, and have 15/34 hp.
You hit the orc priest.
The orc priest is severely wounded.
The orc priest hits you with a flail!
* * * LOW HITPOINT WARNING * * *
You take 7 damage, and have 8/34 hp.
MASSIVE DAMAGE!!
You hit the orc priest.
The orc priest is almost dead.
The orc priest invokes the aid of Beogh against you.
You struggle to resist.
You now have 2/9 mp.
You closely miss the orc priest.
The orc priest is almost dead.
The orc priest calls down the wrath of Beogh upon you.
Beogh smites you!
You die...

#.#.####
#>......
#.######
#####.#
#....[#
#.###.#
#######.#
###
#......)#
#@#######
#o# #b#
.K. ...
.....
.....
#......


You could see an orc priest, a bat and a kobold.

Vanquished Creatures
  A hound (D:3)
  Terence (D:2)
  5 adders
  An ooze (D:1)
  A worm (D:2)
  2 dart slugs (D:2)
  5 leopard geckos
  3 orcs (D:3)
  4 bats
  2 giant cockroaches
  10 goblins
  2 hobgoblins
  9 kobolds
  2 ball pythons (D:1)
  5 frilled lizards
  8 rats
61 creatures vanquished.

Notes
Turn   | Place    | Note
-------+----------+-------------------------------------------
     0 | D:1      | Haldmier the High Elf Skald began the quest for the Orb.
     0 | D:1      | Reached XP level 1. HP: 14/14 MP: 4/4
   265 | D:1      | Reached skill level 3 in Long Blades
   468 | D:1      | Reached XP level 2. HP: 17/19 MP: 1/6
   518 | D:1      | Learned a level 2 spell: Shroud of Golubria
   801 | D:1      | Reached skill level 1 in Translocations
  1225 | D:1      | Reached XP level 3. HP: 17/24 MP: 7/7
  1230 | D:1      | Learned a level 3 spell: Spectral Weapon
  1457 | D:2      | Noticed Terence
  1985 | D:2      | Reached skill level 1 in Hexes
  1988 | D:2      | Reached skill level 4 in Long Blades
  2211 | D:2      | Killed Terence
  2211 | D:2      | Reached XP level 4. HP: 22/29 MP: 3/8
  3044 | D:3      | Learned a level 1 spell: Flame Tongue
  3185 | D:3      | Found an opulent altar of Gozag.
  3354 | D:3      | Reached XP level 5. HP: 23/34 MP: 5/9
  3574 | D:3      | Found a burning altar of Makhleb.
  3746 | D:3      | Killed from afar by an orc priest

Skill      XL: |  1  2  3  4 |
---------------+-------------+-----
Long Blades    | 3 4 |  4.4
Translocations | 1 2 |  2.5
Hexes          | 1 2 |  2.6
Fighting       | |  2.0
Armour         | |  0.8
Dodging        | |  1.1
Spellcasting   | |  2.4
Conjurations   | |  0.9
Charms         | |  3.6
Fire Magic     | |  0.2

Action                   |  1- 3 |  4- 6 || total
-------------------------+-------+-------++-------
Melee: Falchion          |    89 |    86 ||   175
 Cast: Infusion          |    13 |     8 ||    21
       Spectral Weapon   |     3 |     3 ||     6
       Shroud of Golubri |     1 |     5 ||     6
 Stab: Sleeping          |     3 |     1 ||     4
       Distracted        |       |     1 ||     1
  Eat: Chunk             |     5 |     6 ||    11
Armor: Leather armour    |    21 |    16 ||    37
Dodge: Dodged            |    47 |    36 ||    83
       Rpst.: Falchion   |    12 |    11 ||    23
